 Dungeon Crawl Stone Soup version 0.10-a0-2563-ge3cdffc character file.

4180 hyperjle the Martial Artist (level 10, -6/56 HPs)
             Began as a Kobold Transmuter on Dec 8, 2011.
             Was a Priest of Kikubaaqudgha.
             Killed from afar by Kaput's ghost (29 damage)
             ... with an orb of energy
             ... on Level 10 of the Dungeon.
             The game lasted 00:58:04 (8203 turns).

hyperjle the Martial Artist (Kobold Transmuter)     Turns: 8203, Time: 00:58:04

HP  -6/56        AC  6     Str 11      XL: 10   Next: 48%
MP  15/15        EV 21     Int 17      God: Kikubaaqudgha [***...]
Gold 151         SH  0     Dex 15      Spells:  6 memorised,  0 levels left

Res.Fire  : . . .   See Invis. : .     - Unarmed
Res.Cold  : . . .   Warding    : . . c - +0 robe (curse)
Life Prot.: . . .   Conserve   : .   (no shield)
Res.Acid. : . . .   Res.Corr.  : .   (no helmet)
Res.Poison: .       Clarity    : .   u - +1 dwarf cloak (curse)
Res.Elec. : .       Spirit.Shd : .   y - +1 pair of dwarf gauntlets (curse)
Sust.Abil.: . .     Stasis     : .   (no boots)
Res.Mut.  : .       Ctrl.Telep.: .   (no amulet)
Res.Rott. : .       Levitation : .   g - cursed +3 ring of intelligence
Saprovore : + + .   Ctrl.Flight: .   p - cursed +6 ring of evasion

@: somewhat resistant to hostile enchantments, fairly stealthy
A: disease resistance, carnivore 3, saprovore 2
a: Receive Corpses, Renounce Religion


You were on level 10 of the Dungeon.
You worshipped Kikubaaqudgha.
Kikubaaqudgha was greatly pleased with you.
You were very full.

You visited 2 branches of the dungeon, and saw 11 of its levels.
You visited 2 portal chambers: ossuary, sewer.

You collected 414 gold pieces.
You spent 283 gold pieces at shops.

Inventory:

Missiles
 b - 12 +0 arrows
Armour
 c - a cursed +0 robe (worn)
 u - a cursed +1 dwarven cloak (worn)
 y - a cursed +1 pair of dwarven gauntlets (worn)
 P - a +0 buckler
 Q - a +2 leather armour
Magical devices
 q - a wand of polymorph other (3)
 E - a wand of paralysis (3)
 K - a wand of flame (10)
Comestibles
 a - 3 meat rations
 F - a honeycomb
 S - a rotting chunk of hobgoblin flesh
Scrolls
 h - 2 scrolls of remove curse
 i - a scroll of magic mapping {unknown}
 j - 4 scrolls of enchant weapon II
 l - 4 scrolls of random uselessness {unknown}
 n - a scroll of fear {unknown}
 r - a scroll of fog {unknown}
 v - 2 scrolls of detect curse
 x - 5 scrolls of identify
 A - 2 scrolls of immolation {unknown}
 D - a scroll of enchant weapon I
 N - 2 scrolls of recharging {unknown}
 O - a scroll of amnesia
Jewellery
 g - a cursed +3 ring of intelligence (right hand)
 o - a cursed -2,-4 ring of slaying
 p - a cursed +6 ring of evasion (left hand)
 z - an uncursed amulet of resist corrosion
 G - a cursed amulet of rage
Potions
 e - 3 potions of might
 f - 2 potions of levitation
 k - 2 potions of restore abilities
 m - a potion of paralysis {unknown}
 t - 2 potions of magic
 B - 2 potions of mutation {unknown}
 H - a potion of degeneration {unknown}
 L - a potion of agility
 M - a potion of brilliance
Books
 d - a book of Changes

   Spells                             Type                      Level
   *Beastly Appendage                 Transmutation                1
   Sticks to Snakes                   Transmutation                2
   *Spider Form                       Transmutation/Poison         3
   Ice Form                           Ice/Transmutation            4
   Blade Hands                        Transmutation                5
 R - a book of the Sky

   Spells                             Type                      Level
   Flight                             Charms/Air                   3
   Insulation                         Charms/Air                   4
   Airstrike                          Air                          4
   Silence                            Hexes/Air                    5
   Deflect Missiles                   Charms/Air                   6
   Conjure Ball Lightning             Conjuration/Air              7
   Tornado                            Air                          9
Magical staves
 C - a staff of channeling


   Skills:
 - Level 5.0 Fighting
 - Level 2.4 Dodging
 - Level 1.7 Stealth
 - Level 0.4 Stabbing
 - Level 10.0 Unarmed Combat
 - Level 2.0 Spellcasting
 + Level 2.0 Charms
 - Level 5.7 Necromancy
 - Level 5.9 Transmutations
 - Level 2.0 Poison Magic


You couldn't memorise any spells.
You knew the following spells:

 Your Spells              Type           Power        Success   Level  Hunger
a - Beastly Appendage     Trmt           ####...      Excellent   1    Strawberry
b - Spider Form Pois/Trmt ####......     Very         Good        3    Honeycomb
c - Animate Skeleton      Necr           N/A          Excellent   1    Strawberry
d - Regeneration Chrm/Necr ###.......     Very         Good        3    Honeycomb
e - Sublimation of Blood  Necr           ####......   Excellent   2    Choko
f - Vampiric Draining     Necr           ####......   Great       3    Honeycomb

Dungeon Overview and Level Annotations

Branches:
Dungeon (10/27)            Temple (1/1) D:4             Orc (0/4) D:9
   Lair: D:8-13

Altars:
Ashenzari
Cheibriados
Elyvilon
Fedhas
Kikubaaqudgha
Makhleb
Nemelex Xobeh
Okawaru
Sif Muna
The Shining One
Trog
Vehumet
Xom
Yredelemnul
Zin

Shops:
D:7: ! D:8: %

Annotations
D:2 Sigmund
D:3 kumiokru's ghost, weakling DsMo
D:4 exclusion: ogre, Eustachio
D:10 Kaput's ghost, powerful HOGl; Kaput's ghost, powerful KoNe


Innate Abilities, Weirdness & Mutations

You recuperate from illness quickly.
You are small and have problems with some larger weapons.
You are carnivorous and can eat meat at any time.
You can eat rotten meat.


Message History

Unknown command.
Unknown command.
Unknown command.
Unknown command.
Evoke which item? (* to show all) (? for menu, Esc to quit)
Zapping:
E - a wand of paralysis {zapped: 4}
Press: ? - help, Shift-Dir - straight line, f - Kaput's ghost
Aim: Kaput's ghost Kaput's ghost easily resists.
Kaput's ghost hits you but does no damage.
Evoke which item? (* to show all) (? for menu, Esc to quit)
Zapping:
E - a wand of paralysis {zapped: 5}
Press: ? - help, Shift-Dir - straight line, f/p - Kaput's ghost
Aim: Kaput's ghost Kaput's ghost resists.
Kaput's ghost gestures at you while chanting.
The orb of energy hits you!
Ouch! That really hurt!
You die...
Kikubaaqudgha rasps: "You have failed me!
Welcome... death!"

#.......# # #####.......### #
#...............#
#####.p...###.......#.#
p..........(........#.#
#####.....###.......#.# ..# ....#
#.......#.#....# ...#
#.......#.#....#
..######@####.#....##+##
##....p..# #.#....#...# #.......#
#.#....#...# ##### #.......#
#.#....#...#
####"..####.......###.#....#...#
....................%.#....#...#.
####...####.......#..%...........
.......?....................#.###
##############.####.######+##....


You could see Kaput's ghost.

Vanquished Creatures
  Pikel (D:6)
  A two-headed ogre (D:9)
  A hungry ghost (D:9)
  3 hippogriffs
  The ghost of Shane the Sneak, an average KoAs of Lugonu (Port)
  A giant frog (D:8)
  A sky beast (D:9)
  A naga (D:8)
  An ice beast (D:10)
  A swamp drake (D:6)
  An ogre (D:8)
  3 phantoms
  A crocodile (D:10)
  7 big kobolds (Port)
  2 centaurs
  A gnoll sergeant (D:10)
  A quasit (D:10)
  2 big kobold skeletons
  A goliath beetle (D:6)
  3 killer bees (D:8)
  A crimson imp (D:8)
  3 hounds
  3 orc priests (D:8)
  A hound skeleton (D:4)
  4 orc wizards
  A scorpion (D:9)
  2 worker ants
  Ijyb (D:6)
  11 mummies (Port)
  9 gnolls
  A green rat (Port)
  A giant centipede (D:8)
  11 snakes
  A snake skeleton (D:10)
  2 humans
  An iguana skeleton (D:7)
  A worm (D:6)
  5 grey rats
  2 gnoll skeletons (Port)
  3 giant geckos
  2 oozes
  14 orcs
  11 hobgoblins
  12 jackals
  12 kobolds
  2 quokkas
  8 small snakes
  12 bats
  6 giant cockroaches
  6 giant newts
  11 goblins
  6 goblin skeletons (Port)
  An orc skeleton (D:6)
  A quokka skeleton (D:4)
  A quokka zombie (D:5)
  12 rats
  8 rat skeletons (Port)
  A rat zombie (D:5)
224 creatures vanquished.

Vanquished Creatures (collateral kills)
  An ogre (D:6)
  A hound (D:8)
  A worker ant (D:8)
  An orc wizard (D:8)
  2 gnolls
  A worm (Port)
  A small snake (Port)
  A kobold (Port)
9 creatures vanquished.

Vanquished Creatures (others)
  A centaur skeleton (D:8)
  2 big kobold skeletons (Port)
  A snake skeleton (D:6)
  4 orcs
  A hobgoblin (D:2)
  A jackal (D:8)
  A kobold (D:9)
  A bat (D:6)
  2 giant spores (D:10)
  2 grey rat skeletons (Port)
  A human skeleton (D:8)
  2 kobold skeletons
  3 orc skeletons
  4 rat skeletons
  2 small snake skeletons
  4 toadstools
32 creatures vanquished.

Grand Total: 265 creatures vanquished

Notes
Turn   | Place    | Note
--------------------------------------------------------------
     0 | D:1      | hyperjle, the Kobold Transmuter, began the quest for the Orb.
     0 | D:1      | Reached XP level 1. HP: 12/12 MP: 1/1
   376 | D:1      | Reached XP level 2. HP: 12/16 MP: 0/3
   579 | D:2      | Noticed Sigmund
   582 | D:2      | Oh dear.
   685 | D:2      | Reached skill level 4 in Unarmed Combat
   869 | D:2      | Reached XP level 3. HP: 10/20 MP: 2/4
   936 | D:2      | This is acceptable.
  1008 | D:2      | Reached skill level 1 in Stealth
  1056 | D:3      | Noticed kumiokru's ghost (weakling DsMo)
  1120 | D:3      | Reached skill level 5 in Unarmed Combat
  1299 | D:3      | Learned a level 3 spell: Spider Form
  1327 | D:3      | Reached XP level 4. HP: 21/25 MP: 4/6
  1447 | D:4      | Noticed Eustachio
  1613 | D:4      | Hrm. That's not so good.
  1623 | D:4      | Reached skill level 1 in Poison Magic
  1632 | D:4      | Found a staircase to the Ecumenical Temple.
  1661 | Temple   | Entered the Ecumenical Temple
  1662 | Temple   | OTOH kiku.
  1779 | Temple   | Became a worshipper of Kikubaaqudgha
  1858 | D:4      | Reached XP level 5. HP: 18/29 MP: 7/7
  2283 | D:5      | Entered Level 5 of the Dungeon
  2343 | D:5      | Found a sand-covered staircase. 2382
                  | ossuary
                  | Entered a tomb 2434
                  | ossuary
                  | Noticed Shane's ghost (average KoAs) 2477
                  | ossuary
                  | Defeated Shane's ghost 2477
                  | ossuary
                  | Reached skill level 6 in Unarmed Combat 2477
                  | ossuary
                  | Reached XP level 6. HP: 14/34 MP: 9/9 2611
                  | ossuary
                  | Exciting, no? 2869
                  | ossuary
                  | Reached skill level 7 in Unarmed Combat
  3593 | D:5      | Reached XP level 7. HP: 36/39 MP: 10/10
  3740 | D:5      | Yesss, AC.
  4190 | D:6      | Noticed Ijyb
  4205 | D:6      | Defeated Ijyb
  4256 | D:6      | Acquired Kikubaaqudgha's first power
  4256 | D:6      | Received a gift from Kikubaaqudgha
  4260 | D:6      | Sweet.
  4263 | D:6      | Learned a level 1 spell: Animate Skeleton
  4267 | D:6      | Learned a level 3 spell: Regeneration
  4398 | D:6      | Found a glowing drain.
  4462 | D:6      | Reached skill level 5 in Fighting 4468
                  | sewer
                  | Entered the sewers 4511
                  | sewer
                  | Reached XP level 8. HP: 35/47 MP: 12/12 4969
                  | sewer
                  | Acquired Kikubaaqudgha's second power 5185
                  | sewer
                  | Reached skill level 5 in Necromancy
  5552 | D:6      | Reached XP level 9. HP: 47/51 MP: 11/13
  5583 | D:6      | Found a white marble altar of Elyvilon.
  5594 | D:7      | Found Kufiar's Distillery.
  5636 | D:7      | Found a sparkling altar of Nemelex Xobeh.
  5703 | D:6      | Noticed Pikel
  5747 | D:6      | Defeated Pikel
  5747 | D:6      | Reached skill level 8 in Unarmed Combat
  5947 | D:7      | Bought a potion of speed for 82 gold pieces
  5947 | D:7      | Bought a potion of berserk rage for 45 gold pieces
  5947 | D:7      | Bought a potion of heal wounds for 45 gold pieces
  5947 | D:7      | Bought a potion of agility for 37 gold pieces
  5947 | D:7      | Bought a potion of brilliance for 37 gold pieces
  5947 | D:7      | Bought a potion of might for 37 gold pieces
  5989 | D:8      | Oh my.
  6041 | D:8      | Oh right.
  6041 | D:8      | Blah, need better spell.
  6148 | D:8      | Found Toadgh's Food Boutique.
  6260 | D:8      | Reached skill level 9 in Unarmed Combat
  6357 | D:8      | Oh yeah.
  6376 | D:8      | These are not high-quality corpses, kiku.
  6405 | D:8      | Ragdoll: you dont seem to be catching a break
  6824 | D:8      | Found a deep blue altar of Sif Muna.
  6983 | D:8      | Reached XP level 10. HP: 56/56 MP: 15/15
  7085 | D:8      | Received a gift from Kikubaaqudgha
  7092 | D:8      | Learned a level 2 spell: Sublimation of Blood
  7096 | D:8      | Learned a level 3 spell: Vampiric Draining
  7370 | D:9      | Found a staircase to the Orcish Mines.
  7505 | D:9      | Paralysed by an orc for 3 turns
  7519 | D:10     | Entered Level 10 of the Dungeon
  7523 | D:10     | Noticed Kaput's ghost (powerful HOGl)
  7553 | D:9      | Reached skill level 10 in Unarmed Combat
  7596 | D:9      | Found a shattered altar of Ashenzari.
  7686 | D:9      | Reached skill level 5 in Transmutations
  7706 | D:9      | Mmmm, tornadomuter.
  7916 | D:10     | Noticed Kaput's ghost (powerful KoNe)
  7928 | D:10     | Fffff
  8010 | D:10     | Reached skill level 1 in Charms
  8102 | D:10     | Crap.
  8103 | D:10     | If I survive this I am so going back to buy some curing potions.
  8120 | D:10     | Kikuuuuuu
  8202 | D:10     | What, two of you??
  8203 | D:10     | Killed from afar by Kaput's ghost
